AoeStats
← [CUBA] Patron

Frigid Lake

502971308Analyzed
3v3 EW · 1mo ago on Aug 29, 2026· 12m 7s· 6 players
Game mode
Empire Wars
Map size
Normal (6 player)
Population
200
Speed
Normal
Resources
Standard
Victory
Conquest
Starting age
Feudal Age
Ending age
Imperial Age
RankedLock teamsTeams togetherTeam positionsShared explorationLock speedFull tech treeHidden civsTurbo modeCheats
Victory
Defeat
🇬🇧 Burgundians · United Kingdom
1276
+14
🇩🇪 Tupi · Germany
1237
+16
🇸🇪 Aztecs · Sweden
1234
+16
🇷🇺 Burgundians · Russia
1295
-18
🇺🇸 Cumans · United States
1268
-17
🇹🇷 Hindustanis · Türkiye
1119
-10
Bubbs
1:49 Scale Mail Armor
5:09 Double-Bit Axe
6:45 Town Watch
7:36 Wheelbarrow
8:30 Bow Saw
12:10 Horse Collar
Datros
0:35 Champi Runner
1:26 Double-Bit Axe
3:20 Scale Mail Armor
4:17 Horse Collar
6:04 Forging
8:56 Arson
13:18 Castle Age
PoTitoz
2:14 Forging
2:10 Double-Bit Axe
3:22 Scale Mail Armor
3:25 Horse Collar
10:07 Castle Age
8:19 Fletching
10:43 Eagle Warrior
11:24 Squires
12:03 Iron Casting
11:43 Arson
12:19 Chain Mail Armor
[CUBA] Patron
4:37 Scale Mail Armor
4:48 Forging
5:29 Double-Bit Axe
7:43 Town Watch
7:52 Horse Collar
MEHMET KARAHANLI
Woodrow F Call
Connection lost

Rejoining the realm…

Still unreachable

The connection could not be restored.

Session expired

The server has moved on; the page needs a fresh start.